 Dungeon Crawl Stone Soup version 0.17.2-1-ge4368a0 (webtiles) character file.

11 Goblin1989 the Ruffian (level 2, -1/16 HPs)
             Began as a Vine Stalker Chaos Knight on May 4, 2017.
             Slain by an orc priest
             ... wielding a +0 trident
              (2 damage)
             ... on level 3 of the Dungeon.
             The game lasted 00:03:27 (494 turns).

Goblin1989 the Ruffian (Vine Stalker Chaos Knight)   Turns: 494, Time: 00:03:27

Health: -1/16      AC:  6    Str: 14    XL:     2   Next: 29%
Magic:  0/3        EV: 11    Int: 12    God:    Xom [..*...]
Gold:   25         SH:  0    Dex: 13    Spells: 0 memorised, 1 level left

rFire  . . .     SeeInvis .       - Unarmed
rCold  . . .     Clarity  .     a - +2 leather armour
rNeg   . . .     SustAt   .     (no shield)
rPois  .         Gourm    .     c - +1 hat
rElec  .         Spirit   +     (no cloak)
rCorr  .         Warding  .     (no gloves)
rMut   .         Stasis   .     (no boots)
MR     .....                    (no amulet)
Stlth  +.........               (no ring)
                                (no ring)

@: not resistant to hostile enchantments, very unstealthy
A: fangs 2, regeneration 1, magic shield, antimagic bite, no device heal 3, rot
immunity
a: Renounce Religion


You were on level 3 of the Dungeon.
You worshipped Xom.
You were a toy of Xom.
You were not hungry.

You visited 1 branch of the dungeon, and saw 3 of its levels.

You collected 25 gold pieces.

Inventory:

Armour
 a - a +2 leather armour (worn)
 c - a +1 hat (worn)
Scrolls
 g - a scroll of teleportation {unknown}
 i - a scroll of enchant weapon {unknown}
 j - a scroll of remove curse {unknown}
 k - a scroll of random uselessness {unknown}
Potions
 b - a potion of mutation {unknown}
 d - a potion of flight {unknown}
 h - a potion of curing {unknown}
Books
 l - a book of Minor Magic

   Spells                             Type                      Level
   a - Magic Dart                     Conjuration                  1
   b - Blink                          Translocation                2
   c - Call Imp                       Summoning                    2
   d - Repel Missiles                 Charms/Air                   2
   e - Slow                           Hexes                        2
   f - Conjure Flame                  Conjuration/Fire             3
   g - Mephitic Cloud                 Conjuration/Poison/Air       3
Comestibles
 e - a bread ration {@e1}
 f - a meat ration {@e2}


   Skills:
 - Level 2.6 Fighting
 - Level 1.5 Armour
 - Level 0.7 Dodging
 + Level 3.7 Unarmed Combat


You had one spell level left.
You didn't know any spells.

Dungeon Overview and Level Annotations

Branches:
Dungeon (3/15)

Altars:
Dithmenos
Vehumet


Innate Abilities, Weirdness & Mutations

You have extremely sharp teeth.
Your natural rate of healing is unusually fast.
When hurt, damage is shared between your health and your magic reserves.
Your bite disrupts and absorbs the magic of your enemies.
Potions and wands cannot restore your health.
You are immune to rotting.


Message History

You closely miss the jackal. You bite the jackal, but do no damage.
The jackal barely misses you.
The jackal bites you but does no damage.
You closely miss the jackal.
The jackal bites you but does no damage. x2
The jackal bites you. The jackal barely misses you.
You take 1 damage, and have 15/16 hp.
You barely miss the jackal. The jackal barely misses you.
The jackal bites you but does no damage.
The jackal barely misses you.
Health restored: 16 You closely miss the jackal.
The jackal closely misses you. The jackal barely misses you.
The jackal misses you.
You completely miss the jackal. The jackal barely misses you.
The jackal bites you but does no damage.
The jackal closely misses you. The jackal misses you.
You closely miss the jackal. You bite the jackal, but do no damage.
The jackal bites you. The jackal barely misses you. The jackal bites you.
The jackal closely misses you.
The jackal bites you but does no damage.
You take 2 damage, and have 14/16 hp.
You now have 2/3 mp.
You hit the jackal.
You kill the jackal!
The jackal bites you but does no damage. x2
The jackal barely misses you. x2
The jackal bites you but does no damage.
You hit the jackal.
The jackal is heavily wounded.
The jackal bites you but does no damage.
You hit the jackal.
The jackal is severely wounded.
The jackal closely misses you.
You hit the jackal but do no damage. You bite the jackal. You drain its power.
You feel invigorated.
The jackal is almost dead.
The jackal barely misses you. x2
Health restored: 16; MP restored: 3 You punch the jackal!
You kill the jackal!
You closely miss the jackal. Your bite misses the jackal.
You hear the slow rusting of a very distant drain.
The jackal closely misses you.
You hit the jackal.
The jackal is moderately wounded.
The jackal bites you. The jackal barely misses you.
You closely miss the jackal.
The jackal is moderately wounded.
The jackal bites you but does no damage.
You take 1 damage, and have 15/16 hp.
You hit the jackal but do no damage. Your bite misses the jackal.
The jackal is moderately wounded.
The jackal completely misses you.
You hit the jackal. Your bite misses the jackal.
The jackal is almost dead.
The jackal closely misses you.
The jackal bites you but does no damage.
You hit the jackal but do no damage. Your bite misses the jackal.
The jackal is almost dead.
The jackal bites you but does no damage.
You hit the jackal.
You kill the jackal!
Health restored: 16 You see here a jackal corpse.
You enter the shallow water.
Moving in this stuff is going to be slow.
As you open the door, it creaks loudly!
There is an open door here.
You open the door.
Found a stone staircase leading up.
You open the door.
You hear the slow rusting of a very distant drain.
There is an open door here.
You see here 22 bolts.
You now have 20 gold pieces (gained 8).
l - a book of Minor Magic You hear the rusting of a distant drain.
You now have 25 gold pieces (gained 5).
A bat comes into view.
The orc priest shouts!
The orc priest drinks a potion.
The orc priest seems to speed up.
The orc priest invokes the aid of Beogh against you.
Something smites you!
Ouch! That really hurt!
* * * LOW HITPOINT WARNING * * *
The orc priest closely misses you.
You take 10 damage, and have 6/16 hp.
MASSIVE DAMAGE!!
You now have 1/3 mp.
You closely miss the orc priest.
The orc priest hits you but does no damage.
You hit the orc priest but do no damage.
The orc priest hits you with a trident.
* * * LOW HITPOINT WARNING * * *
You take 5 damage, and have 1/16 hp.
MASSIVE DAMAGE!!
You hit the orc priest but do no damage.
Your bite misses the orc priest. The bat barely misses you.
The orc priest barely misses you.
You hit the orc priest but do no damage.
You bite the orc priest, but do no damage.
The orc priest hits you with a trident.
You die...
Xom laughs nastily!

███.██ █....█ ..█
█.█ .....██ ████.███
..█ █.█
█.....███████...██.█
█.█
██............█....█
███..███████████.███
.....█ █.█ ███.██
███.█ ....█ █b..██
███.█ █.....█@.█ █.█
█.███..o....█ █.█
█....█..█ █.█
█.....█.... █.█
.........██ ..█
██.██.██.... █..█ █.
.█ ..██ █... .. ..
.█ .....


You could see an orc priest and a bat.

Vanquished Creatures
  2 hobgoblins
  A quokka (D:3)
  2 bats
  A giant cockroach (D:2)
  A giant newt (D:3)
  A goblin (D:1)
  3 jackals (D:3)
  A rat (D:1)
12 creatures vanquished.

Notes
Turn   | Place    | Note
--------------------------------------------------------------
     0 | D:1      | Goblin1989 the Vine Stalker Chaos Knight began the quest for the Orb.
     0 | D:1      | Reached XP level 1. HP: 11/11 MP: 2/2
    57 | D:1      | XOM: silly message
    61 | D:1      | XOM: harmless Tloc miscast
   173 | D:3      | XOM: butterfly on damage
   227 | D:3      | Noticed an orc priest
   229 | D:3      | Noticed an orc priest
   248 | D:2      | XOM: harmless Tloc miscast
   252 | D:2      | Reached XP level 2. HP: 16/16 MP: 3/3
   358 | D:3      | Found a shadowy altar of Dithmenos.
   358 | D:3      | Found a radiant altar of Vehumet.
   494 | D:3      | Slain by an orc priest

Action                   || total
-------------------------++-------
Melee: Unarmed           ||    65

Vault maps used:
D:1:      dpeg_arrival_erosion, nrook_mini_backslash
D:2:      lemuel_coloured_pillars_altar, first_bread, guppyfry_early_orc_mine
D:3:      lemuel_round_altar, amethyst_overflow_temple_binary,
          gup_sewer_entry_spiral, amethyst_killhole,
          hangedman_abyss_or_decor_lesser_grid
